 Dungeon Crawl Stone Soup version 0.21.0-3-g78d12a8 (webtiles) character file.

128 quantumfuzzball the Chopper (level 5, -7/47 HPs)
             Began as a Hill Orc Monk on Jan 9, 2018.
             Mangled by an ice beast (10 damage)
             ... on level 5 of the Dungeon.
             The game lasted 00:07:33 (2972 turns).

quantumfuzzball the Chopper (Hill Orc Monk)         Turns: 2972, Time: 00:07:34

Health: -7/47      AC:  8    Str: 15    XL:     5   Next: 11%
Magic:  0/5        EV: 10    Int: 10    God:
Gold:   79         SH:  0    Dex: 13    Spells: 4/4 levels left

rFire    . . .     SeeInvis .   a - +1 hand axe
rCold    . . .     Gourm    .   (no shield)
rNeg     . . .     Faith    .   i - +0 scale mail
rPois    .         Spirit   +   o - +1 helmet
rElec    .         Reflect  .   (no cloak)
rCorr    .         Harm     .   (no gloves)
MR       .....                  (no boots)
Stlth    +.........             g - amulet of guardian spirit
HPRegen  0.15/turn              d - ring of flight
MPRegen  0.09/turn              (no ring)

@: no status effects
A: no striking features
a: Evoke Flight


You were on level 5 of the Dungeon.
You were near starving.

You visited 1 branch of the dungeon, and saw 5 of its levels.

You collected 79 gold pieces.

Inventory:

Hand Weapons
 a - a +1 hand axe (weapon)
Armour
 i - a +0 scale mail (worn)
 o - a +1 helmet (worn)
Jewellery
 d - a ring of flight (left hand)
 g - an amulet of guardian spirit (around neck)
Scrolls
 e - 5 scrolls of identify
Potions
 b - a potion of heal wounds
 h - a potion of lignification {unknown}
 j - a potion of might {unknown}
 n - a potion of brilliance {unknown}
 p - a potion of magic {unknown}
Comestibles
 c - 5 rations


   Skills:
 + Level 4.6 Fighting
 + Level 5.0 Axes
 + Level 3.1 Dodging
 + Level 2.5 Stealth


You had 4 spell levels left.
You didn't know any spells.

Dungeon Overview and Level Annotations

Branches:
Dungeon (5/15)
 Temple: D:4-7

Altars:
The Shining One

Annotations:
D:3 Natasha
D:4 Dowan, Duvessa


Message History

You hit the ice beast.
The ice beast is moderately wounded.
The ice beast barely misses you.
You hit the ice beast.
The ice beast is moderately wounded.
The ice beast closely misses you.
You hit the ice beast but do no damage.
The ice beast is moderately wounded.
You feel sick.
You are no longer poisoned.
The ice beast hits you but does no damage.
You barely miss the ice beast.
The ice beast is moderately wounded.
The ice beast hits you but does no damage.
You hit the ice beast.
The ice beast is heavily wounded.
The ice beast hits you.
* * * LOW HITPOINT WARNING * * *
The ice beast freezes you!
You die...

### #@##
##Y##
##.########
##..##...###
##........###
#..........#
#..........#
#..##...##..#
#.###..## ..#


You could see an ice beast.

Vanquished Creatures
  Natasha (D:3)
  Robin (D:3)
  3 adders
  3 worms
  2 dart slugs
  2 leopard geckos
  5 giant cockroaches
  9 goblins
  7 hobgoblins
  2 quokkas
  3 bats
  7 frilled lizards
  5 kobolds
  A rat (D:2)
51 creatures vanquished.

Notes
Turn   | Place    | Note
-------+----------+-------------------------------------------
     0 | D:1      | quantumfuzzball the Hill Orc Monk began the quest for the Orb.
     0 | D:1      | Reached XP level 1. HP: 19/19 MP: 1/1
    70 | D:1      | Found a glowing golden altar of the Shining One.
   206 | D:1      | Reached XP level 2. HP: 20/27 MP: 2/2
  1139 | D:2      | HP: 1/27 [leopard gecko (4)]
  1144 | D:1      | Reached XP level 3. HP: 28/33 MP: 1/3
  1468 | D:2      | Noticed an ogre
  1931 | D:3      | Reached XP level 4. HP: 23/40 MP: 4/4
  2280 | D:3      | Noticed Robin
  2325 | D:3      | Killed Robin
  2659 | D:3      | Noticed Natasha
  2675 | D:3      | HP: 2/41 [white imp/puff of frost[Natasha] (6)]
  2678 | D:3      | Killed Natasha
  2678 | D:3      | Reached skill level 5 in Axes
  2678 | D:3      | Reached XP level 5. HP: 2/47 MP: 1/5
  2864 | D:3      | Noticed Natasha
  2879 | D:4      | Noticed Dowan
  2880 | D:4      | Noticed Duvessa
  2909 | D:5      | Entered Level 5 of the Dungeon
  2909 | D:5      | Noticed an ice beast
  2972 | D:5      | Mangled by an ice beast

Skill      XL: |  1  2  3  4 |
---------------+-------------+-----
Fighting       | 4 |  4.6
Stealth        | 2 |  2.5
Dodging        | 3 |  3.1
Axes           | 5 |  5.0

Action                   |  1- 3 |  4- 6 || total
-------------------------+-------+-------++-------
Melee: Hand axe          |   121 |    73 ||   194
  Use: Scroll            |     2 |     6 ||     8
       Potion            |     2 |       ||     2
 Stab: Sleeping          |     9 |       ||     9
  Eat: Chunk             |     3 |     2 ||     5
Armor: Robe              |    10 |       ||    10
       Scale mail        |     8 |    40 ||    48
Dodge: Dodged            |    65 |    61 ||   126
